[Event "Washington Open"]
[Site "Chess.com"]
[Date "2021.05.31"]
[Round "5"]
[White "Guha, Mitrabha"]
[Black "Lenderman, Aleksandr"]
[Result "1/2-1/2"]
[ECO "B07"]
[WhiteElo "2484"]
[BlackElo "2702"]
[Annotator "Alex Lenderman"]
[PlyCount "108"]
[EventDate "2021.05.29"]
[TimeControl "6000+30"]

{[%evp 0,108,19,31,54,61,57,85,106,83,79,107,88,88,83,68,61,-12,-11,-31,-22,
-27,-31,-44,-33,-37,-19,-26,-34,-34,-13,-14,-14,-27,-14,-26,0,-2,-11,-6,-3,-5,
10,-29,13,-30,-30,-65,-11,-47,-37,-43,-16,-1,-26,-39,-39,-57,-54,-46,-88,-69,
-87,-113,-107,-87,-75,-78,-87,-83,-83,-83,-79,-79,-83,-100,-96,-100,-91,-82,
-61,-62,-58,-16,0,0,0,0,0,-3,0,0,0,0,0,0,0,0,0,0,0,0,0,0,0,0,0,0,0,0,0] Today
was the decisive day, and I ended up paired against an IM from India,
Mitrabhaa Guha. I've had success with him up to this point, but I knew that
he's a very formidable opponent. Because I might have black last game as well,
potentially against IM Shahinyan, I decided to treat this game as a game where
I should try to push for a win if possible, even with black, thus my opening
choice, d4 d6.} 1. d4 d6 {signaling a fight.} 2. e4 Nf6 3. Nc3 e5 4. dxe5 {
This move, however shows peaceful intentions from my opponent. I wasn't afraid
of this though, since in my experience, even without queens, this middle game
can be quite complex. I wasn't dissapointed this game, either, as I managed to
create very serious winning chances.} dxe5 5. Qxd8+ Kxd8 6. Nf3 Bd6 7. Bg5 Be6
8. Nd5 $6 {This move signals the intention to trade off more pieces, but I
think that it's also a concession for him, as he is moving the same pieces
twice in the opening, and I end up getting a very comfortable endgame out of
this.} Nbd7 9. Bxf6+ $6 (9. Bc4 {This is more natural, after which the engine
suggests that my best move is h6. Thus, Bxf6 is just a loss of a tempo.}) 9...
Nxf6 (9... gxf6 {I seriously considered this as well, but I thought it was
logical to exchange the d5 knight. After gxf6, I thought that Bc4 followed by
Ne3 plan should equalize for him, and I didn't want to let him keep that d5
knight. However, perhaps that was more accurate.} 10. Bc4 c6 11. Ne3 Nc5 12.
Nd2 b5 $1 $15 {And after this precise move, perhaps, I can fight for a small
advantage.}) 10. Nxf6 gxf6 11. Nd2 {This is what expected, to try to exchange
the bishops. However, it might've not been the best.} (11. Bd3 Ke7 12. Nh4 {
Should be equal.}) 11... Ke7 12. Bc4 h5 13. h4 $6 {Natural, but the engine
really dislikes this.} (13. Bxe6 Kxe6 14. O-O h4 15. g4 $11 (15. h3 Rhg8 16.
Kh1 $11)) 13... Rhg8 14. g3 Bxc4 15. Nxc4 Rg4 $1 {Now I push his pieces back
and get a little initiative.} 16. Nd2 Ke6 17. Ke2 f5 18. exf5+ Kxf5 19. c3 Ke6
20. Rad1 a5 21. Nf1 $6 {Natrual but also not the best plan.} (21. Rhe1) 21...
a4 $6 (21... f5 {Was probably stronger.} 22. Ne3 Ra4 23. Ra1 (23. a3 Rg8) 23...
Bc5) 22. Rd2 $6 (22. Ne3 Rg7 23. Rd5 $1 {Would give white some counterplay.})
22... Bc5 23. Ne3 Re4 24. Kf3 Bxe3 25. Re2 Rc4 {I thought this was good, but
apparently, f5 was a more serious advantage, which I underestimated.} (25... f5
26. Rxe3 Rxe3+ 27. Kxe3 Rf8 28. Rd1 f4+ 29. Ke2 b5 30. a3 fxg3 31. fxg3 c6 {
Black has decent winning chances here, because of the "extra passed pawn",
while the majority on the kingside for white is frozen.}) 26. Rxe3 Rd8 27. Ke2
f5 28. Rd1 {I was happy to see this move, since now, for the first time in
this game, I thought I might be getting serious winning chances.} (28. f3)
28... Rxd1 29. Kxd1 f4 {I thought this was very natural, but perhaps, it
wasn't even the best.} (29... Rg4 $1 30. Ke2 b5 31. Rd3 f4 {The point is that
I don't need to force anything. White is having a very hard time finding moves
here, while I can improve my queenside position to the maximum.} 32. Kf1 a3 33.
b3 (33. bxa3 fxg3 34. fxg3 Ra4 $19) 33... e4) 30. Rd3 e4 {This was super
tempting, and I thought it's winning, but it turned out to be not so easy.} (
30... fxg3 31. fxg3 Rg4 {Again, it was better to be patient, since my
structure is so good here.} 32. Ke2 a3 33. b3 e4 $1 {This forces a rook to an
undesirable square, and black's position is too strong. Both black's king and
rook are more active than white's, white has a weak g3 pawn, as well as the a2
pawn. White should be losing here.} 34. Re3 (34. Rd4 c5 35. Ra4 Rxg3 36. Rxe4+
Kd5 37. Ra4 Rg2+ $19) 34... b5 35. Kf2 Ke5) 31. Rd8 e3 {This was my point, but
it turned out to be not such an easy win.} 32. Ke2 exf2 33. Kxf2 fxg3+ 34. Kxg3
a3 35. bxa3 Rxc3+ 36. Kf4 Rxa3 37. Rb8 $1 {Up to here, white didn't play this
game impressively, and I expected to convert this endgame easily. However,
here, my opponent brought himself together, started to take a lot of time, and
calculated extremely precisely. He found the best practical chances.} b6 38.
Kg5 Rxa2 $6 {This doesn't blow the win, but makes it much harder. I was
calculating a lot here, but it was still very hard for me to figure everything
out.} (38... Ra5+ 39. Kg6 {I saw this, but I couldn't understand what the
point of this was, since I couldn't find a better move than Rxa2. However,
here I can make a useful king move.} Kd7 (39... Rd5 {Is also a possibility.}
40. a4 (40. Kh6 b5) 40... Kd7 41. Kh6 Ra5 42. Kg6 Rxa4 {And only now I take.}
43. Kxh5 Re4 44. Kg5 Re8 {And now, I have this very strong idea!}) 40. Kh6 b5
41. Kxh5 c5 42. Kg5 c4 43. h5 c3 {And here I win.}) 39. Kxh5 Rg2 $2 {And even
though, this is a very natural move, this blows the win. I thought it was
improbable, that my 2 pawns won't queen against his rook with his king so far
away and losing so many tempos, but as my luck was, I was always down a tempo.
Now I just have to minic Kramnik and say, white survives by a miracle in all
the lines :)} (39... Kf5 $3 {This was the only way to win.} 40. Rf8+ Ke4 $1 {
It seemed strange to me to lose a tempo with my king like this, so I didn't
even consider this. However, I am moving his rook away from the ideal square,
and I improve my king. Therefore, I'm not losing a tempo, but rather gain one.
However, this is only the beginning of the fascinating variation.} 41. Kg4 (41.
Re8+ {In this case, I get the king to d5, and I gain a tempo.} Kd5 42. Rb8 Rg2
43. Kh6 Kc5 44. h5 b5 {And I'm up a very important tempo compared to the game,
which proves decisive.}) (41. Rb8 $5 {This is a good try, but black wins with
very subtle play.} Kf4 42. Rf8+ Kg3 43. Rg8+ Kh3 44. Rc8 Rc2 $1 {The only
winning move!} 45. Kg5 Rc5+ 46. Kf4 Kxh4 47. Rh8+ Rh5 48. Rc8 Rh7 {And black
wins.}) 41... c5 42. h5 b5 $1 {The only winning move} (42... c4 $2 43. Rb8 $11
{Misses the win.}) 43. h6 Ra7 $3 {And now this is the only way to win! Black
had to see it all in advance too :)} (43... Rh2 $2 44. Rf4+ $1 Ke5 45. Rf5+ {
misses a win}) 44. Rf5 Kd4 45. Rh5 Rh7 46. Kf5 b4 47. Kg6 Rh8 48. Kg7 Rb8 49.
h7 b3 50. Rf5 (50. h8=Q Rxh8 51. Rxh8 c4 52. Rb8 Kc3 $1 {The only winning line.
} 53. Kf6 Kb2 $1 54. Ke5 c3 $19 {Black is winning by one tempo!}) 50... b2 51.
Rf8 Rb7+ 52. Rf7 Rxf7+ 53. Kxf7 b1=Q 54. h8=Q+ Kc4 {And black should win this
queen endgame, since white has no good checks.} 55. Qh4+ Kb5 $19) (39... Rh2 $2
{I also considered this} 40. Kg5 Kd5 41. h5 Kc5 42. h6 b5 43. Kg6 Kc4 44. h7 {
But here he also draws.}) (39... Kf7 {And this, but this doesn't really
accomplish much.} 40. Kh6 $11) 40. Kh6 {From here white plays very precisely
and never gives me a chance to win anymore.} Kd5 41. h5 Kc5 (41... Kc4 {
Very unfortuntaely, I cannot play this because of} 42. Rb7 $1 $11) 42. Kh7 b5
43. h6 b4 (43... Kb4 {Was also a try, which from far away might've also won,
but in fact, white can draw several different ways here.} 44. Kh8 (44. Rg8 Rh2
45. Kg6 c5 46. h7 $11) 44... c5 45. h7 Rh2 46. Kg7 c4 47. h8=Q Rxh8 48. Rxh8
$11) 44. Kh8 Kc4 45. h7 Rh2 {Necessary if I want to play for a win since} (
45... c5 46. Rxb4+ $11) 46. Kg7 c5 47. Rb6 (47. h8=Q Rxh8 48. Rxh8 {Was also
enough for a draw.}) 47... Rxh7+ (47... b3 48. Rh6 Rxh6 49. Kxh6 b2 50. h8=Q
b1=Q 51. Qg8+ $1 $11) 48. Kxh7 {Even though my pawns are far advanced, and his
king is far away, I am just one tempo short in all the lines. "White is
surviving by a miracle" (Kramnik) :)} b3 (48... Kb3 {Is sadly, also not enough.
} 49. Kg6 c4 50. Kf5 c3 51. Ke4 c2 52. Rc6 Kb2 53. Kd3 c1=Q 54. Rxc1 Kxc1 55.
Kc4) 49. Kg6 Kc3 50. Kf5 c4 51. Ke4 b2 (51... Kb2 52. Kd4 c3 53. Kc4 $11) 52.
Kd5 Kc2 53. Kxc4 b1=Q 54. Rxb1 Kxb1 {Game drawn - insufficient material. What
started as a very boring looking game, where both of us played fasted, and
seemingly not so interested, turned into a great fight and a very exciting
endgame with very interesting variations. This is why, even in equal positions,
it's better to fight them all out to kings. You can learn great things from
the game then, and get your money's worth. Kudos to my opponent, who after
unambitious play early on, gathered himself nicely, and fought like a champion
in a very difficult endgame.} 1/2-1/2

[Event "Washington Open"]
[Site "Chess.com"]
[Date "2021.05.31"]
[Round "6"]
[White "Shahinyan, David"]
[Black "Lenderman, Aleksandr"]
[Result "0-1"]
[ECO "B13"]
[WhiteElo "2531"]
[BlackElo "2702"]
[Annotator "Alex Lenderman"]
[PlyCount "104"]
[EventDate "2021.05.29"]
[TimeControl "6000+30"]

1. e4 {After a dissapointing draw last
game, I knew that I was in sort of a must-win game this game if I wanted a
decent prize in this tournament. However, my opponent was half a point behind
and had a tough loss to the leader, Rohan Talukdar. I knew he had to be out
for blood, since only a win would give him the prize. That influenced my
decision.} c6 2. d4 d5 3. exd5 cxd5 4. Bd3 {My opponent was predictable here.}
Nc6 5. c3 Nf6 6. Bf4 Bg4 7. Qb3 Na5 $5 {This is an interesting line, which
isn't so common, but if black wants to equalize, it's a good attempt. The
drawback of this line is that white can now just repeat moves with Qa4 Nc6 Qb3,
etc, where black either has to make a draw or play an inferior line. However,
knowing that my opponent was in a must-win game, I knew that he wouldn't just
play like this. I decided to take the risk.} 8. Qa4+ Nc6 9. Nd2 {As expected,
my opponent went for a fight.} (9. Qb3 Na5) 9... e6 10. Ngf3 Bd6 11. Bxd6 (11.
Ba6 $6 {Is interesting, and something I was wondering about during the game,
but it doesn't work well for white.} Bxf4 12. Bxb7 O-O 13. Bxc6 Rb8 $17 {
Is too much initiative for black.}) 11... Qxd6 12. O-O O-O 13. Rae1 {Up to
here, we both played very fast, but here came a critical moment. Unfortunately
the next few moves I started to drift, and quickly got myself into a very
unpleasant position.} Bxf3 (13... a6 14. Ne5 Rfc8 {looks like a better plan
for black.}) 14. Nxf3 a6 15. Qc2 (15. Qd1 {This was probably more accurate.} b5
16. Ne5 b4 17. Qa4 $16) 15... b5 16. a3 Rfc8 (16... Rac8 {In retrospect, it
was more logical to play with the other rook.} 17. Qe2 Na5) 17. Qe2 Qc7 18. Kh1
(18. Ne5) 18... Na5 19. Ne5 Nc4 20. f4 (20. g4 {Starting with this was also an
interesting option.}) 20... Re8 (20... Nd6 {This was more accurate.} 21. f5 {
I wasn't sure what to do here, but I can play exf5.} exf5 22. Bxf5 Rf8 {
Followed by Rae8 and everything is in control.}) 21. f5 (21. g4 Nd6 22. g5 Nfe4
23. Rf3 {Was possibly more challenging for me, with ideas like Rh3 and Qh5 in
the air.}) 21... exf5 22. Rxf5 Re6 (22... Nd6 {I was naturally worried about
Rxf6, but perhaps I shouldn't have been.} 23. Rxf6 gxf6 24. Qh5 Ne4 25. Bxe4
dxe4 26. Ng4 Qf4 27. Kg1 Kh8 28. Nh6 Kg7 29. Nf5+ Kh8 30. Nh6 {With a
potential draw, which was bad for both of us.}) 23. Bxc4 $1 {Only move not to
be worse actually.} bxc4 24. Ref1 {Here the engine says dead equal, but I felt
very uncomfortable. I felt like I was under very serious pressure.} Rf8 25. Qf3
Qe7 $6 {probably not the best.} (25... Rb6 $1 {As it turns out, it's not only
an aggressive attempt going after the pawn on b2, but also a prophylactical
idea, to tie his e5 knight.} 26. g4 Rxb2 27. g5 Ne4 {Turns out this is good
for me, since Nxf7 is impossible due to mate on h2.} 28. Qh3 g6 29. R5f4 Qe7 {
With very murky play.}) (25... h5 {Trying to stop g4 was also possible.}) 26.
g4 h6 27. Qg2 $1 {A strong move, preparing h4-g5, and re-applying pressure.} (
27. h4 Ne4 {[%cal Ge7h4] Was my point, which I thought was good for me. That's
why I played Qe7.}) 27... g6 (27... Nd7 {Was actually playable, based on the
tactic...} 28. Rxf7 $6 (28. Nxd7 Qxd7 29. Qxd5 Qxd5+ 30. Rxd5 Re2 {Black can
probably draw this.}) 28... Rxf7 29. Rxf7 $4 (29. Nxf7 Rf6 $11) 29... Qxf7 30.
Nxf7 Re1+ $19) 28. R5f4 Kg7 $2 {And this was my first big mistake based on an
oversight.} (28... Rxe5 29. dxe5 Ne4 {This had to be played immediately. Then,
white cannot get h4-h5 in, and thus, he cannot park his rook on f5. This means
that white cannot really breakthrough and the position is equal.} 30. Rxe4 dxe4
31. Qxe4 Re8 32. Qxc4 Qb7+ 33. Kg1 Rxe5 $11 {I'm down a pawn but he has a very
weak king, so the position is dynamically equal.}) 29. h4 (29. Qf2 {Was also
possible.}) 29... Rxe5 {This was my idea, and I wanted his pawn on h4, to be a
weakness. I thought he missed this. However, it turned out that I missed a
very important detail.} (29... g5 30. Rf5 $18) 30. dxe5 Ne4 31. Qh2 $1 {
This very strong move, defending h4, and defending indirectly f7, I missed.
Now I realized that I have to grovel for a draw, and probably I should be
losing objectively. However, I was still hoping for the best.} Kg8 32. R4f3 (
32. h5 {Was the most natural choice, which I would meet with g5, and hope that
somehow I can hold the fortress. However, it's very unlikely that this is a
fortress.} g5 33. Rf5 Qe6 {My plan was mainly to just go Qe6-Qe7, and pray :)}
34. a4 {However, after this strong plan, it's clear that black shouldn't be
able to hold the fortress. Here are some lines:} a5 (34... Kg7 35. R1f3 Kg8 36.
a5 Kg7 37. Qe2 Kg8 38. Qe3 ) 35. R1f3 Qe7 36. Qg1 Qe6 37. Qd4 Kg7
38. Kh2 Kg8 39. Kh3 Kg7 40. Qa7 Kg8 41. Qxa5 $18) 32... Qe6 33. Qf4 $2 {
This gives me a big chance that I missed.} Kg7 {I played this automatically,
but} (33... Rb8 $1 {Would create serious counterplay, and white cannot take
any of my pawns under good circumstances. For example:} 34. Qxf7+ (34. Qxh6
Qxg4 35. e6 f5 36. e7 Ng3+ 37. Rxg3 Qxg3 $11) (34. Qh2 Rb7 $11 {And here, I
succesfully active my rook to a much better square where it both attacks his
main weakness and defends mine.}) 34... Qxf7 35. Rxf7 Ng3+ 36. Kg2 Nxf1 37.
Rxf1 Rxb2+ $11) 34. h5 $2 (34. Kg2 {Would still provide white good winning
chances.}) 34... g5 $1 35. Qf5 Qxf5 36. gxf5 {I think that my opponent went
into this position on purpose, perhaps, thinking it's winning for him. However,
I can generate lots of counterplay here.} Re8 $5 {Purposely not taking the
exchange, although Nd2 winning the exchange back was also possible.} (36... Nd2
37. f6+ Kg8 38. Kg2 Nxf1 39. Rxf1 Re8 40. Re1 {I wasn't sure if I can hold
this endgame if his king gets to f5, and his rook attacks d5, but the engine
says I can.} Re6 41. Kf3 Kf8 42. Kg4 Ke8 43. Kf5 Kd7 44. Rd1 Kc6 {And I just
make it in time. It's a fortress. However, I thought it can be a bit risky to
go for this, since if I would miss a detail, I could've just been lost, while
I have no winning chances. In the other line, I thought I might even have
winning chances with my active knight, and some pawns for the exchange. As it
turned out, I made a lucky practical choice.}) 37. Kg2 (37. e6 Kf6 {Didn't
yield much for white, and here I felt like I had lots of counterplay.}) (37.
f6+ Kf8 38. Rf5 $2 Ng3+) 37... Rxe5 (37... Nd2 {Again, I had this move but
once again, I wasn't sure about it.} 38. f6+ Kf8 39. Re1 Nxf3 40. Kxf3 Re6 41.
Kg4 Ke8 42. Kf5 Kd7 43. Rd1 Kc6 {Once again, I'm in time to hold. However,
sometimes, it is a blessing to NOT make the best move.}) 38. f6+ Kf8 39. Rf5 {
I saw this, and planned Re6 where I thought I am hanging on, and maybe even
have not worse practical chances.} Re6 $1 {Of course, the only move.} 40. Rxd5
Nxf6 41. Rc5 Re2+ {A little trick. Now Rf2 loses to rxf2 and Ne4.} 42. Kg1 (42.
Kf3 Rxb2 43. a4 {Was double-edged, but might've been his last chances to play
for a win.}) 42... Nxh5 43. Rxc4 Rxb2 {Now, with his cut-off king, he cannot
really play for a win, and he even has to be the one careful. That's why, when
he offered a draw after Rxc4, I decided to play on.} 44. Rc6 Kg7 45. Rxa6 Nf4
46. Rxf4 {Trying to draw. Otherwise, Nh3+ followed by g4 and g3 can create
dangerous mating ideas in some lines.} gxf4 47. a4 Ra2 48. a5 h5 49. c4 f3 50.
Rb6 $1 h4 {Until here, white defended well and it's a draw. However, finally,
luck came on my side in this tournament, where my opponent, one step away from
a draw, made a losing blunder.} 51. Rb3 $4 (51. Rb1 $1 {Was the only move to
draw. Here, I cannot win. For example,} Rxa5 52. Kf2 Rf5 53. Rg1+ Kf6 54. Rg4
$11) 51... Ra1+ $1 52. Kf2 h3 {AlexanderL won by resignation. This is what my
opponent missed. Now in case of Kg3, I just play h2 or f2, and queen the other
pawn, and easily stop his pawns with my rooks. I cannot believe it's been a
whole year since the last Washington Open. I remember the last one like it was
yesterday, the pain I experienced, losing that game to Georgi Orlov :) If my
last round win against IM David Shahinyan was the last one that I've played in
WCF events, it was very pleasing for me that it ended for me on such a high
note, and that in general, on the last day I was able to provide you readers,
2 very fun fighting games against two strong IMs. This win gave me a nice
1st-3rd share, which was a great result for me, given that I'm trying to
regain my form after studying at university for almost 2 years. I want to
thank Josh Sinanan for the wonderful tournaments that he's organized for the
last year, and for welcoming me with open arms in all his tournaments, and
giving me a chance to do these annotations.} 0-1